cohdb
Replays
Latest Replays
All Replays
Popular Replays
Top Player Replays
Match Explorer
How It Works
Community
CoH3 Stats
Reddit
Sign in to upload your games and track your stats! →
Sign in with Steam
Match 40343880
Unlisted
Match 40343880
Overview
Messages
Build Orders
End
Construct Section Command Post
Selects Australian Defense Battlegroup
Infantry Section
Infantry Section
Infantry Section
Infantry Section
Infantry Section
Grenade Package
Construct Platoon Command Post
Unlock Bishop Self-propelled Artillery
Bishop Self-propelled Artillery
Selects CMP 15cwt Supply Run
CMP 15cwt Supply Run
Bishop Self-propelled Artillery
Light Vehicle Training
Selects Reinforced Resource Caches
Selects Charged Creeping Barrage
Charged Creeping Barrage
Infantry Section
Charged Creeping Barrage
Bishop Self-propelled Artillery
Free-France
Krötentöten
jakubirl
Smiley
Mixrundiy
Valdai
Homam
求你了别站起来蹬她
0
0
Comments
sign in to comment!
No comments posted yet!